 Dungeon Crawl Stone Soup version 0.29.1-2-gbd0b4ee654 (webtiles) character file.

Game seed: 17788179050449851521

819171 CryoSword the Bringer of Light (level 27, 0/271 (273) HPs)
             Began as a Hill Orc Fighter on Nov 6, 2022.
             Was the Champion of the Shining One.
             Slain by an Ice Fiend (1 damage)
             ... while petrified by a nargun
             ... on level 6 of Cocytus on Nov 7, 2022.
             The game lasted 03:17:09 (93710 turns).

CryoSword the Bringer of Light (Hill Orc Fighter)  Turns: 93710, Time: 03:17:10

HP:   0/271 (273)   AC: 40    Str: 37    XL:     27
MP:   40/40         EV:  2    Int: 15    God:    the Shining One [******]
Gold: 2136          SH:  0    Dex: 11    Spells: 19/26 levels left

rFire   + + +      SeeInvis .   w - +9 broad axe (holy)
rCold   + + +      Faith    .   H - +0 tower shield {AC+3}
rNeg    + + +      Spirit   .   d - +5 gold dragon scales
rPois   ∞          Reflect  +   r - +0 hat of Wyizest {rN+ Str+8 Int-3 Dex+3}
rElec   +          Harm     .   R - scarf {rC+ rF+}
rCorr   +          Rampage  .   Z - +0 pair of fencer's gloves {Riposte Dex+3}
Will    ++...                   K - +1 pair of boots of the Viny Alphagorgon {rElec rCorr}
Stlth   ..........              m - amulet of reflection
HPRegen 0.55/turn               n - ring "Ykimm" {Fly rF+ rC+ rN+ Dex-5}
MPRegen 0.27/turn               F - +6 ring of intelligence

@: divinely shielded, petrified, flying, glowing, studying Spellcasting, lightly
drained, unable to drink
A: talons 1, cold resistance 1, sense surroundings 1, subdued magic 1
}: 7/15 runes: decaying, serpentine, slimy, silver, bone, abyssal, demonic
a: Renounce Religion, Divine Shield, Cleansing Flame, Summon Divine Warrior


You were on level 6 of Cocytus.
You worshipped the Shining One.
The Shining One was exalted by your worship.
You visited 15 branches of the dungeon, and saw 66 of its levels.
You visited Pandemonium 2 times, and saw 5 of its levels.
You visited the Abyss 4 times.
You also visited: Trove and Volcano.

You collected 13335 gold pieces.
You spent 11199 gold pieces at shops.

Inventory:

Hand Weapons
 a - a +9 broad axe of electrocution
   (You took it off a vault guard on level 1 of the Vaults)
 c - a +9 broad axe of freezing
   (You found it in a treasure trove)
 w - a +9 broad axe of holy wrath (weapon)
   (You took it off a meliai on level 13 of the Dungeon)
Missiles
 f - 2 silver boomerangs (quivered)
 C - 18 curare-tipped darts
 O - 10 boomerangs
 V - 4 throwing nets
Armour
 d - +5 gold dragon scales (worn)
   (You found it on level 1 of the Depths)
 o - the +0 helmet "Jostruh" {Str+4}
   (You found it on level 2 of the Depths)

   Str:       It affects your strength (+4).
 r - the +0 hat of Wyizest (worn) {rN+ Str+8 Int-3 Dex+3}
   (You found it in a treasure trove)

   Str:       It affects your strength (+8).
   Int:       It affects your intelligence (-3).
   Dex:       It affects your dexterity (+3).
   rN:        It protects you from negative energy.
 H - a +0 tower shield of protection (worn)
   (You took it off a demonspawn warmonger in Pandemonium)
 K - the +1 pair of boots of the Viny Alphagorgon (worn) {rElec rCorr}
   (You bought it in a shop on level 2 of the Vaults)

   rElec:     It insulates you from electricity.
   rCorr:     It protects you from acid and corrosion.
 Q - a +1 tower shield of reflection
   (You took it off a demonspawn warmonger in Pandemonium)
 R - a scarf of resistance (worn)
   (You bought it in a shop on level 14 of the Dungeon)
 Z - the +0 pair of fencer's gloves (worn) {Riposte Dex+3}
   (You bought it in a shop on level 14 of the Dungeon)

   It allows the wearer to riposte with melee weapons, swiftly retaliating
   against missed or blocked melee attacks.
   Dex:       It affects your dexterity (+3).
Jewellery
 m - an amulet of reflection (around neck)
   (You found it on level 2 of the Dungeon)
 n - the ring "Ykimm" (left hand) {Fly rF+ rC+ rN+ Dex-5}
   (You bought it in a shop on level 2 of the Orcish Mines)

   [ring of flight]

   Dex:       It affects your dexterity (-5).
   rF:        It protects you from fire.
   rC:        It protects you from cold.
   rN:        It protects you from negative energy.
   Fly:       It grants you flight.
 B - a ring of willpower
   (You found it on level 3 of the Swamp)
 E - a ring of willpower
   (You found it on level 5 of the Vaults)
 F - a +6 ring of intelligence (right hand)
   (You found it on level 3 of the Crypt)
 N - a +4 ring of evasion
   (You found it on level 3 of the Snake Pit)
Wands
 z - a wand of digging (3)
   (You found it on level 2 of the Lair of Beasts)
 G - a wand of iceblast (41)
   (You found it on level 13 of the Dungeon)
 I - a wand of charming (59)
   (You found it on level 2 of the Lair of Beasts)
 M - a wand of quicksilver (21)
   (You found it on level 4 of the Snake Pit)
Scrolls
 g - 32 scrolls of teleportation {@r4}
 h - 5 scrolls of magic mapping
 k - 14 scrolls of fear
 p - 4 scrolls of blinking
 t - 14 scrolls of immolation {!r}
 y - 6 scrolls of poison
 D - 3 scrolls of silence
 T - 6 scrolls of butterflies
Potions
 b - 5 potions of mutation {!q}
 e - 10 potions of curing {@q1}
 i - 11 potions of lignification {!q}
 j - 12 potions of attraction {!q}
 l - 4 potions of heal wounds {@q2}
 q - 3 potions of berserk rage
 s - 5 potions of ambrosia
 u - 7 potions of resistance
 v - 5 potions of cancellation
 x - 4 potions of might
 A - 12 potions of haste {@q3}
 P - 7 potions of magic
Miscellaneous
 J - a lightning rod (4/4) {!a}
   (You found it on level 2 of the Swamp)
 L - a phantom mirror
   (You found it on level 3 of the Elven Halls)
 X - a box of beasts
   (You found it on level 2 of the Orcish Mines)


   Skills:
 O Level 27 Fighting
 O Level 27 Axes
 + Level 26.7 Armour
 + Level 17.4 Dodging
 O Level 27 Shields
 - Level 5.0 Conjurations
 - Level 5.5 Fire Magic
 O Level 27 Invocations
 - Level 17.9 Evocations


You had 19 spell levels left.
You knew the following spells:

 Your Spells              Type           Power      Damage    Failure   Level
a - Scorch                Fire           24%        2d6       14%         2
b - Fireball              Conj/Fire      6%         3d5       97%         5

Your spell library contained the following spells:

 Spells                   Type           Power      Damage    Failure   Level
 Magic Dart               Conj           44%        1d5       12%         1
 Searing Ray              Conj           22%        2d5       17%         2
 Shock                    Conj/Air       20%        1d4       32%         1
 Static Discharge         Conj/Air       5%         3-4/arc   45%         2
 Apportation              Tloc           0%         N/A       67%         1
 Freeze                   Ice            0%         1d3       67%         1
 Necrotise                Necr           0%         1d4       67%         1
 Sandblast                Erth           0%         2d4       67%         1
 Slow                     Hex            0%         N/A       67%         1
 Sting                    Tmut/Pois      0%         1d3       67%         1
 Summon Small Mammal      Summ           0%         N/A       67%         1
 Inner Flame              Hex/Fire       6%         N/A       67%         3
 Dazzling Flash           Conj/Hex       10%        N/A       71%         3
 Stone Arrow              Conj/Erth      10%        3d7       71%         3
 Flame Wave               Conj/Fire      12%        2d6       73%         4
 Sticky Flame             Conj/Fire      12%        2d4       73%         4
 Ignite Poison            Fire/Tmut/Pois 4%         N/A       80%         3
 Blink                    Tloc           0%         N/A       82%         2
 Call Imp                 Summ           0%         N/A       82%         2
 Ensorcelled Hibernation  Hex/Ice        0%         N/A       82%         2
 Passwall                 Tmut/Erth      0%         N/A       82%         2
 Poisonous Vapours        Pois/Air       0%         N/A       82%         2
 Sublimation of Blood     Necr           0%         N/A       82%         2
 Wereblood                Tmut           0%         N/A       82%         2
 Mephitic Cloud           Conj/Pois/Air  3%         N/A       82%         3
 Call Canine Familiar     Summ           0%         N/A       96%         3
 Confusing Touch          Hex            0%         N/A       96%         3
 Frozen Ramparts          Ice            0%         1d1       96%         3
 Gell's Gravitas          Tloc           0%         N/A       96%         3
 Lesser Beckoning         Tloc           0%         N/A       96%         3
 Ozocubu's Armour         Ice            0%         N/A       96%         3
 Portal Projectile        Hex/Tloc       0%         N/A       96%         3
 Spider Form              Tmut/Pois      0%         N/A       96%         3
 Summon Guardian Golem    Hex/Summ       0%         N/A       96%         3
 Swiftness                Air            0%         N/A       96%         3
 Teleport Other           Tloc           0%         N/A       96%         3
 Vampiric Draining        Necr           0%         2d6       96%         3
 Fulminant Prism          Conj/Hex       2%         3d6       98%         4
 Hailstorm                Conj/Ice       5%         3d4       98%         4
 Iskenderun's Mystic Bla  Conj/Tloc      5%         2d3       98%         4
 Airstrike                Air            0%         2d(0-16)  100%        4
 Anguish                  Hex/Necr       0%         N/A       100%        4
 Animate Armour           Summ/Erth      0%         N/A       100%        4
 Cause Fear               Hex            0%         N/A       100%        4
 Dispel Undead            Necr           0%         3d6       100%        4
 Ice Form                 Ice/Tmut       0%         N/A       100%        4
 Leda's Liquefaction      Hex/Erth       0%         N/A       100%        4
 Olgreb's Toxic Radiance  Pois           0%         N/A       100%        4
 Petrify                  Tmut/Erth      0%         N/A       100%        4
 Summon Lightning Spire   Summ/Air       0%         N/A       100%        4
 Agony                    Necr           0%         N/A       100%        5
 Alistair's Intoxication  Tmut/Pois      0%         N/A       100%        5
 Blade Hands              Tmut           0%         N/A       100%        5
 Borgnjor's Vile Clutch   Necr/Erth      0%         N/A       100%        5
 Freezing Cloud           Conj/Ice/Air   1%         6-21      100%        5
 Irradiate                Conj/Tmut      2%         3d12      100%        5
 Lightning Bolt           Conj/Air       2%         1d14      100%        5
 Manifold Assault         Tloc           0%         N/A       100%        5
 Metabolic Englaciation   Hex/Ice        0%         N/A       100%        5
 Silence                  Hex/Air        0%         N/A       100%        5
 Summon Forest            Summ/Tloc      0%         N/A       100%        5
 Conjure Ball Lightning   Conj/Air       2%         3x3d6     100%        6
 Dispersal                Tloc           0%         N/A       100%        6
 Eringya's Noxious Bog    Tmut/Pois      0%         N/A       100%        6
 Iron Shot                Conj/Erth      2%         9d2       100%        6
 Simulacrum               Ice/Necr       0%         N/A       100%        6
 Starburst                Conj/Fire      6%         6d4       100%        6
 Statue Form              Tmut/Erth      0%         N/A       100%        6
 Summon Cactus Giant      Summ           0%         N/A       100%        6
 Dragon Form              Tmut           0%         N/A       100%        7
 Enfeeble                 Hex            0%         N/A       100%        7
 Orb of Destruction       Conj           5%         9d5       100%        7
 Ozocubu's Refrigeration  Ice            0%         4d7       100%        7
 Spellforged Servitor     Conj/Summ      2%         N/A       100%        7
 Storm Form               Tmut/Air       0%         N/A       100%        7
 Summon Hydra             Summ           0%         N/A       100%        7
 Discord                  Hex            0%         N/A       100%        8
 Disjunction              Tloc           0%         N/A       100%        8
 Ignition                 Fire           6%         3d4       100%        8
 Lehudib's Crystal Spear  Conj/Erth      2%         10d2      100%        8
 Maxwell's Capacitive Co  Air            0%         ∞         100%        8
 Necromutation            Tmut/Necr      0%         N/A       100%        8
 Dragon's Call            Summ           0%         N/A       100%        9
 Fire Storm               Conj/Fire      6%         8d2       100%        9
 Polar Vortex             Ice            0%         N/A       100%        9


Dungeon Overview and Level Annotations

Branches:
Dungeon (15/15)            Temple (1/1) D:4            Lair (5/5) D:10
  Swamp (4/4) Lair:2        Snake (4/4) Lair:2        Slime (5/5) Lair:5
    Orc (2/2) D:11            Elf (3/3) Orc:2        Vaults (5/5) D:14
  Crypt (3/3) Vaults:2       Tomb (0/3) Crypt:3      Depths (4/4) D:15
   Hell (visited)             Dis (0/7) Hell            Geh (1/7) Hell
    Coc (6/7) Hell            Tar (7/7) Hell            Zot (0/5) Depths:4
Volcano (visited)

Altars:
Ashenzari
Cheibriados
Dithmenos
Elyvilon
Fedhas
Gozag
Hepliaklqana
Kikubaaqudgha
Makhleb
Nemelex Xobeh
Okawaru
Qazlal
Ru
Sif Muna
Trog
Uskayaw
Vehumet
Wu Jian
Xom
Yredelemnul
Zin
The Shining One
Beogh
Jiyva

Shops:
D:1 :   D:9 *   D:12 *   D:13 *   D:14 [   D:15 :   Orc:1 *   Orc:2 =:!*
Elf:1 [   Vaults:2 ([[(   Vaults:5 [!   Depths:4 *[

Portals:
Hell: Depths:1 Depths:2 Depths:3 Depths:4
Abyss: Depths:3
Pandemonium: Depths:2 Depths:4
Ziggurat: Depths:3

Annotations:
Lair:2 1 runed translucent door, Xihitin's ghost, journeyman DjGl
Depths:4 1 transporter


Innate Abilities, Weirdness & Mutations

You have sharp toenails.
Your flesh is cold resistant. (rC+)
You passively map a small area around you.
Your spells are a little easier to cast, but a little less powerful.


Message History

You block the shard shrike's attack.
You riposte.
You closely miss the shard shrike. You slice the shard shrike!!
You slash the frost giant!
The shard shrike is engulfed in freezing vapours.
You block the shard shrike's attack.
The shard shrike claws you but does no damage.
You are slowing down.
You hear a screech!
The shard shrike attacks as you move away!
You block the shard shrike's attack.
You are engulfed in freezing vapours.
You resist. You block the shard shrike's attack. x2
The shard shrike is engulfed in freezing vapours.
Water spirits pour forth from the elemental wellspring!
The shard shrike claws you.
* * * LOW HITPOINT WARNING * * *
The shard shrike freezes you! You resist.
* * * LOW HITPOINT WARNING * * *
The shard shrike spits a shard of ice at you.
The shard of ice reflects off an invisible shield around you!
The shard of ice hits the shard shrike!!
The shard shrike partially resists.
The frost giant is engulfed in freezing vapours.
The frost giant points at you and mumbles some strange words.
The bolt of cold hits you. You resist.
* * * LOW HITPOINT WARNING * * *
The Ice Fiend gestures at you. The bolt of cold hits you. You resist.
* * * LOW HITPOINT WARNING * * *
The shard shrike is engulfed in freezing vapours.
The frost giant is engulfed in freezing vapours.
The frost giant dies!
You hear a splash.
Your limbs are stiffening.
The shard shrike spits a shard of ice at you.
The shard of ice hits you! You partially resist.
* * * LOW HITPOINT WARNING * * *
The shard shrike is engulfed in freezing vapours.
You block the shard shrike's attack. x2; You riposte.
You slash the shard shrike! You slice the shard shrike!!
You completely miss the shard shrike. You closely miss the shard shrike.
The shard shrike is engulfed in freezing vapours.
The shard shrike spits a shard of ice at you.
The shard of ice reflects off an invisible shield around you!
The shard of ice hits the shard shrike!
The shard shrike partially resists.
You block the shard shrike's attack.
The shard shrike claws you but does no damage.
You have turned to stone.
The shard shrike claws you.
* * * LOW HITPOINT WARNING * * *
The shard shrike freezes you! You resist.
* * * LOW HITPOINT WARNING * * *
The shard shrike claws you but does no damage. x4
Water spirits pour forth from the elemental wellspring!
The shard shrike screeches!
The shard shrike claws you but does no damage. x2
The shard shrike spits a shard of ice at you.
The shard of ice hits you. You partially resist.
* * * LOW HITPOINT WARNING * * *
The shard shrike claws you but does no damage.
Water spirits pour forth from the elemental wellspring!
The water elemental hits you.
* * * LOW HITPOINT WARNING * * *
The shard shrike screeches!
You hear a screech!
The water elemental disappears in a puff of smoke!
The shard shrike claws you but does no damage.
The shard shrike spits a shard of ice at you.
The shard of ice hits you! You partially resist.
* * * LOW HITPOINT WARNING * * *
The shard shrike claws you but does no damage. x2
The water elemental hits you!
* * * LOW HITPOINT WARNING * * *
The water elemental hits you!
* * * LOW HITPOINT WARNING * * *
The water elemental engulfs you in water!
The shard shrike spits a shard of ice at you.
The shard of ice hits you!!! You partially resist.
* * * LOW HITPOINT WARNING * * *
The shard shrike claws you but does no damage. x2
The water elemental hits you.
A torrent of water rises up through the elemental wellspring!
The torrent of water passes through the water elemental.
The torrent of water hits you.
* * * LOW HITPOINT WARNING * * *
You are knocked back by the torrent of water.
You collide with the shard shrike!
* * * LOW HITPOINT WARNING * * *
The wave splashes down.
A torrent of water rises up through the elemental wellspring!
The torrent of water hits you but does no damage.
You shrug off the wave.
You are knocked back by the torrent of water.
You collide with the shard shrike!
* * * LOW HITPOINT WARNING * * *
The wave splashes down.
The shard shrike claws you but does no damage.
The water elemental hits you. x2
You hear a screech! x3
The shard shrike claws you.
* * * LOW HITPOINT WARNING * * *
The shard shrike freezes you! You resist.
* * * LOW HITPOINT WARNING * * *
The shard shrike claws you but does no damage.
The Ice Fiend claws you.
* * * LOW HITPOINT WARNING * * *
The Ice Fiend freezes you. You resist.
* * * LOW HITPOINT WARNING * * *
The Ice Fiend claws you but does no damage.
The water elemental hits you. x2
* * * LOW HITPOINT WARNING * * *
The water elemental completely misses you.
The shard shrike screeches!
The shard shrike claws you but does no damage.
The water elemental hits you. The Ice Fiend gestures at you.
The bolt of cold hits you. You resist.
* * * LOW HITPOINT WARNING * * *
The bolt of cold hits the water elemental!!!
The nargun splashes around in the water.
The nargun bites you.
* * * LOW HITPOINT WARNING * * *
The nargun freezes you! You resist.
* * * LOW HITPOINT WARNING * * *
The shard shrike claws you but does no damage.
The water elemental hits you.
The water elemental is engulfed in freezing vapours.
The water elemental is destroyed!
The water elemental disappears in a puff of smoke!
The water engulfing you falls away.
You are engulfed in freezing vapours.
You resist.
* * * LOW HITPOINT WARNING * * *
The shard shrike claws you but does no damage.
The water elemental hits you!
* * * LOW HITPOINT WARNING * * *
A torrent of water rises up through the elemental wellspring!
The torrent of water hits you!
* * * LOW HITPOINT WARNING * * *
You are knocked back by the torrent of water.
The wave splashes down.
The Ice Fiend claws you but does no damage. x2
You resist with significant effort.
The shard shrike claws you but does no damage.
You hear a screech! x2
The shard shrike claws you but does no damage.
The tormentor says, "I will eat your liver."
The Ice Fiend claws you!
* * * LOW HITPOINT WARNING * * *
The Ice Fiend freezes you! You resist. The Shining One protects you from harm!
The Ice Fiend claws you.
You die...

##### ###
~~≈≈≈#### ##≈≈##
~~~≈≈≈.≈≈###~...≈#
~~≈≈...≈EEb~..#, ,
~~≈...9≈≈E@####* ~
~~...~2EE19#
~≈...~≈Ebbb# ~ ~ ~
~≈.~~≈≈≈~~E# ~~ ~
~≈.~~≈≈≈...#
~~≈≈≈≈≈≈≈...# *
~≈≈≈≈≈≈≈..... ~
~≈....≈≈≈...~≈ ~ ~
~≈.....≈≈≈~≈≈≈#


You could see 4 shard shrikes, an Ice Fiend, 2 elemental wellsprings, 2 narguns,
5 water elementals and a tormentor.

Vanquished Creatures
  the Royal Jelly (Slime:5)
  Ereshkigal (Tar:7)
  3 dread liches
  3 ancient liches
  Mennas (Pan)
  Josephina (Crypt:1)
  Boris (Crypt:1)
  7 shard shrikes
  Saint Roka (Orc:2)
  Vashnia (Snake:3)
  Geryon (Hell)
  9 golden dragons
  25 bone dragons
  5 pandemonium lords (Pan)
  10 profane servitors
  29 Tzitzimimeh
  11 Brimstone Fiends (Pan)
  2 spectral shard shrikes
  12 doom hounds
  2 hellephants
  Jorgrun (Orc:2)
  A Hell Sentinel (Pan)
  7 tentacled monstrosities
  2 walking earthen tomes
  16 tainted leviathans
  Rupert (D:13)
  3 deep elf master archers
  7 titans
  5 searing wretches (Hell)
  A walking frostbound tome (Depths:1)
  5 Ice Fiends
  6 quicksilver dragons
  5 liches
  Asterion (Elf:2)
  6 deep elf blademasters
  15 acid blobs
  Grunn (Crypt:1)
  9 tentacled starspawn
  3 Executioners (Pan)
  3 sphinxes
  6 ancient champions
  4 storm dragons
  12 tengu reavers
  5 draconian monks (Depths:4)
  4 narguns (Coc:3)
  4 thorn hunters (Swamp:4)
  16 fire giants
  10 rockslimes
  3 revenants
  6 azure jellies
  3 fenstrider witches
  7 shadow dragons
  19 vault wardens
  A draconian knight (Depths:4)
  4 demonspawn warmongers (Pan)
  8 nagarajas (Snake:4)
  2 iron dragons
  2 daevas (Abyss:5)
  2 orc warlords
  15 frost giants
  A caustic shrike zombie (Abyss:3)
  2 deep elf sorcerers
  2 curse skulls
  9 cacodemons
  2 iron dragons (shapeshifter) (Depths:3)
  2 spectral juggernauts
  2 ghost moths (Depths:3)
  6 shard shrike simulacra
  Aizul (Snake:2)
  An angel (Pan)
  11 balrugs
  3 spectral caustic shrikes
  7 ghouls
  5 deep elf elementalists
  6 demonspawn corrupters (Pan)
  24 very ugly things
  A draconian shifter (Abyss:5)
  9 war gargoyles
  11 stone giants
  3 demonspawn blood saints (Pan)
  3 spriggan defenders (Depths:2)
  27 ironbound preservers
  A quicksilver ooze (shapeshifter) (Elf:3)
  23 reapers
  2 draconian annihilators
  5 green draconians (Depths:4)
  11 quicksilver oozes (Slime:5)
  19 putrid mouths
  7 ironbound thunderhulks
  3 deep elf demonologists (Elf:3)
  26 dire elephants
  7 vampire knights
  4 bunyips
  Azrael (Snake:2)
  4 entropy weavers
  An entropy weaver (shapeshifter) (Depths:2)
  4 demonspawn black suns (Pan)
  8 elemental wellsprings
  4 purple draconians (Depths:4)
  6 lorocyprocas
  5 red draconians (Depths:4)
  3 eleionomae
  7 black draconians (Depths:4)
  9 deep elf annihilators
  8 white draconians (Depths:4)
  8 spark wasps
  3 wendigos
  3 spectral titans
  5 iron golems (Hell)
  A spectral quicksilver dragon (Tar:4)
  The ghost of Avanven the Brawler, a journeyman TrGl of Okawaru (Lair:4)
  7 eidola
  2 pearl dragon zombies (Crypt:2)
  12 ettins
  2 crystal guardians
  2 green deaths (Pan)
  18 blizzard demons
  2 mummy priests (Crypt:3)
  3 shambling mangroves (Swamp:4)
  10 deep elf death magi
  Snorg (D:10)
  14 yaktaur captains
  11 great orbs of eyes
  9 fire dragons
  22 jiangshi
  2 hell beasts
  5 spectral spriggans
  3 rakshasas
  9 ice dragons
  5 deep elf high priests
  35 vault guards
  4 boulder beetles
  A fenstrider witch zombie (Crypt:1)
  6 juggernaut simulacra
  Erica (D:8)
  2 peacekeepers
  13 hydras
  A caustic shrike simulacrum (Coc:2)
  A ghost crab (Swamp:2)
  3 salamander tyrants
  8 ironbound frosthearts
  An anaconda (shapeshifter) (Depths:2)
  8 centaur warriors
  A stoker (Hell)
  5 catoblepae (Lair:5)
  8 spriggan air magi
  9 alligators
  12 two-headed ogres
  8 death knights
  3 anacondas
  10 naga warriors
  32 dancing weapons
  3 ogre magi
  9 tengu warriors
  13 death yaks
  A deep troll shaman (Depths:2)
  A fenstrider witch skeleton (Crypt:1)
  20 thrashing horrors (Abyss:6)
  6 vampire magi
  13 hell hogs
  21 naga sharpshooters
  10 deep troll earth magi
  7 shock serpents
  3 spriggan berserkers (Depths:2)
  18 deep elf knights
  2 spectral dire elephants (Tar:3)
  5 orc high priests (Orc:2)
  Sonja (D:11)
  39 sun demons
  A shock serpent (shapeshifter) (Vaults:5)
  5 iron trolls
  25 soul eaters
  6 wretched stars (Abyss:6)
  A fire crab (shapeshifter) (Vaults:5)
  4 hell knights
  A fire crab (Depths:1)
  4 goliath frogs
  13 sixfirhies
  3 quicksilver dragon simulacra
  A cherub (Pan)
  2 death drakes
  65 deep trolls
  43 large abominations
  5 salamander mystics
  16 shadow wraiths
  8 bog bodies
  7 spriggan druids
  34 skeletal warriors
  6 spatial maelstroms
  4 spectral hydras (Swamp:4)
  7 wizards
  A kraken simulacrum (Hell)
  A swamp dragon (shapeshifter) (Depths:1)
  3 shadow demons (Pan)
  12 flayed ghosts
  3 spriggan simulacra
  7 swamp dragons
  2 anaconda skeletons
  9 deep elf archers
  14 ironbound convokers
  9 lindwurms
  3 spectral anacondas (Tar:1)
  6 glowing orange brains
  8 orc knights
  23 deep elf zephyrmancers
  2 naga ritualists
  34 deep elf pyromancers
  6 necromancers
  16 phantasmal warriors
  34 ugly things
  A harpy (shapeshifter) (D:15)
  5 oklob plants
  A shadow dragon skeleton (Hell)
  3 harpies (Vaults:3)
  A shining eye (shapeshifter) (Vaults:5)
  2 manticores (Lair:5)
  A faun (shapeshifter) (Vaults:5)
  4 will-o-the-wisps
  5 cyclopes
  A cyclops (shapeshifter) (Vaults:5)
  19 salamanders
  2 mana vipers
  5 orc sorcerers (Orc:2)
  7 shining eyes
  A guardian serpent (Snake:4)
  A worldbinder (Abyss:6)
  31 black mambas
  Maurice (D:13)
  A moth of wrath (Swamp:2)
  A torpor snail (shapeshifter) (Depths:3)
  12 naga magi
  15 elephants
  A dire elephant zombie (Abyss:5)
  3 titan simulacra
  4 apis skeletons (Crypt:2)
  2 apocalypse crabs (Abyss:6)
  25 vault sentinels
  16 orange demons
  2 torpor snails
  4 ice statues (Pan)
  40 smoke demons
  2 molten gargoyles (Depths:1)
  7 rust devils
  5 gargoyles
  2 eyes of devastation
  2 storm dragon simulacra
  16 cane toads
  A white draconian zombie (Crypt:1)
  A human zombie (Vaults:3)
  A kobold demonologist (D:10)
  2 efreet (Pan)
  21 hellions
  12 demonic crawlers
  11 komodo dragons
  A pale draconian zombie (Crypt:1)
  5 anaconda simulacra
  An unseen horror (shapeshifter) (D:15)
  A hellwing (Pan)
  4 rime drakes
  10 freezing wraiths
  30 yaktaurs
  6 tengu conjurers
  7 ancient zymes
  2 spectral nagas (Tar:3)
  23 tormentors
  A redback zombie (Crypt:2)
  7 guardian mummies
  2 harpy zombies
  5 ice devils
  A hydra zombie (Hell)
  An iron giant simulacrum (Coc:1)
  7 trolls
  A meliai (D:13)
  4 death drake zombies (Swamp:4)
  A queen bee (shapeshifter) (D:14)
  24 hornets
  4 silent spectres
  4 polar bears
  A harpy skeleton (Volcano)
  16 tyrant leeches
  2 red devils (Hell)
  5 hydra skeletons
  A hornet (shapeshifter) (Vaults:5)
  A shadow dragon simulacrum (Coc:2)
  19 blink frogs
  A death drake skeleton (Swamp:4)
  18 raiju
  A tarantella (Vaults:2)
  A culicivora zombie (Crypt:2)
  93 slime creatures
  2 iron dragon simulacra
  2 alligator zombies (Hell)
  2 stone giant simulacra
  2 dream sheep (Lair:2)
  A spectral black mamba (Tar:1)
  3 alligator skeletons
  57 flying skulls
  21 spriggans
  6 air elementals
  4 shadows (Crypt:3)
  A guardian serpent skeleton (Crypt:2)
  3 wyverns
  4 dire elephant simulacra
  4 water elementals
  17 ynoxinuls
  3 steam dragons
  Eustachio (D:5)
  16 wraiths
  A vampire (D:13)
  4 fire bats (Pan)
  16 vampire mosquitoes
  71 yaks
  A human (shapeshifter) (Vaults:5)
  8 chaos spawn
  6 fire elementals
  9 basilisks
  An alligator snapping turtle simulacrum (Coc:3)
  6 golden eyes
  A hog (shapeshifter) (D:12)
  A human simulacrum (Vaults:3)
  3 redbacks
  17 neqoxecs
  2 redbacks (shapeshifter)
  8 wargs
  A catoblepas simulacrum (Lair:4)
  6 harpy simulacra
  A warg (shapeshifter) (D:15)
  A spatial vortex (Abyss:5)
  14 swamp worms
  2 acid dragons (D:11)
  50 nagas
  An acid dragon (shapeshifter) (D:15)
  A naga (shapeshifter) (D:15)
  3 hydra simulacra
  6 hell hounds
  23 water moccasins
  A floating eye (Depths:2)
  An ice beast (D:8)
  8 swamp drakes
  A deep troll skeleton (Crypt:1)
  5 ettin simulacra
  An ice beast (shapeshifter) (Vaults:5)
  42 orc warriors
  A sky beast (D:7)
  2 black bears
  4 boggarts (Vaults:1)
  15 ogres
  2 black mamba simulacra
  4 wolves (Lair:4)
  A swamp dragon skeleton (Crypt:1)
  8 centaurs
  An elf simulacrum (Vaults:3)
  3 kobold brigands
  10 bullfrogs
  A yaktaur zombie (Crypt:2)
  A gnoll sergeant (D:6)
  A wyvern zombie (Crypt:1)
  An elf skeleton (Crypt:1)
  2 earth elementals (Elf:2)
  A naga simulacrum (Hell)
  10 necrophages
  3 scorpions (D:5)
  10 small abominations
  2 cane toad simulacra (Lair:4)
  6 wights (D:9)
  10 killer bees
  A dream sheep simulacrum (Lair:4)
  3 howler monkeys (D:8)
  A rime drake simulacrum (Lair:4)
  3 spriggan skeletons
  4 electric eels
  2 komodo dragon simulacra (Lair:4)
  A centaur zombie (Crypt:2)
  28 starcursed masses
  A lava snake (Depths:1)
  7 jellies
  5 hounds
  27 orc priests
  Crazy Yiuf (D:4)
  4 gnoll boudas
  A human skeleton (Crypt:1)
  24 orc wizards
  6 iguanas
  9 hell rats (Hell)
  A boggart skeleton (Crypt:2)
  A naga skeleton (Volcano)
  31 gnolls
  10 adders
  A white imp (D:6)
  2 ufetubi (D:4)
  A lava snake skeleton (Crypt:1)
  3 worms
  2 dart slugs (D:4)
  99 orcs
  5 ball pythons
  2 bats (D:2)
  5 endoplasms
  A giant cockroach (D:3)
  6 goblins
  8 hobgoblins
  2 jackals (D:4)
  16 kobolds
  6 quokkas
  A river rat zombie (Crypt:2)
  An endoplasm zombie (Crypt:1)
  7 frilled lizards
  A frilled lizard zombie (Crypt:2)
  A goblin skeleton (Crypt:2)
  9 rats
  5 briar patches (Swamp:4)
  2 creeping infernos
  7 fire vortices
  A lurking horror (Abyss:6)
  10 starspawn tentacles
3178 creatures vanquished.

Vanquished Creatures (collateral kills)
  Khufu (Crypt:3)
  A golden dragon (Vaults:1)
  A revenant (Crypt:1)
  3 deep elf sorcerers
  A green draconian (Depths:4)
  A purple draconian (Depths:4)
  A red draconian (Depths:4)
  An entropy weaver (Vaults:1)
  An ettin (Depths:2)
  A fire dragon (Depths:2)
  A spriggan air mage (Depths:2)
  A naga warrior (Snake:4)
  A hell hog (Hell)
  A naga ritualist (Snake:4)
  A lindwurm (Vaults:1)
  An ugly thing (Depths:2)
  A dire elephant skeleton (Crypt:1)
  A guardian mummy (Crypt:3)
  A red devil (Hell)
  An orc warrior (Orc:2)
22 creatures vanquished.

Vanquished Creatures (others)
  A shard shrike (Coc:6)
  2 frost giants
  2 fire giants
  2 shard shrike simulacra
  A vampire knight (Hell)
  An elemental wellspring (Coc:5)
  A demonspawn black sun (Pan)
  A caustic shrike simulacrum (Coc:5)
  An ice dragon (Hell)
  A juggernaut simulacrum (Coc:5)
  An alligator (Swamp:4)
  A soul eater (Pan)
  A bog body (Swamp:1)
  3 deep elf zephyrmancers
  2 deep elf pyromancers (Elf:2)
  A salamander (Snake:2)
  An ice statue (Pan)
  4 bloated husks
  A hornet (Swamp:4)
  2 fire elementals
  A chaos spawn (Pan)
  A neqoxec (Pan)
  A swamp worm (Swamp:4)
  2 nagas
  A hell rat (Hell)
  3 orcs
  7 briar patches (Swamp:4)
  A creeping inferno (Geh:1)
  8 foxfires
  33 fungi
  A lurking horror (Abyss:3)
  177 plants
  32 starspawn tentacles
298 creatures vanquished.

Grand Total: 3498 creatures vanquished

Notes
Turn   | Place    | Note
-------+----------+-------------------------------------------
     0 | D:1      | CryoSword the Hill Orc Fighter began the quest for the Orb.
     0 | D:1      | Reached XP level 1. HP: 19/19 MP: 1/1
    54 | D:1      | Found a faded altar of an unknown god.
    85 | D:1      | Reached XP level 2. HP: 23/27 MP: 2/2
   275 | D:1      | Found Qusm's Vocational Training.
   524 | D:2      | Reached XP level 3. HP: 31/33 MP: 3/3
   973 | D:2      | Reached XP level 4. HP: 40/40 MP: 4/4
  1013 | D:2      | Found a sacrificial altar of Ru.
  1394 | D:3      | Found a glowing silver altar of Zin.
  2171 | D:4      | Found a staircase to the Ecumenical Temple.
  2185 | Temple   | Entered the Ecumenical Temple
  2350 | Temple   | Became a worshipper of Elyvilon the Healer
  2376 | D:4      | Reached skill level 5 in Axes
  2380 | D:4      | Reached XP level 5. HP: 32/47 MP: 5/5
  2398 | D:4      | HP: 2/47 [orc wizard/+0 dagger (2)]
  2854 | D:4      | Found a runed translucent door.
  2855 | D:4      | Noticed Crazy Yiuf
  2913 | D:4      | Found a shimmering blue altar of Sif Muna.
  3163 | D:4      | Reached skill level 5 in Fighting
  3163 | D:4      | Reached XP level 6. HP: 51/56 MP: 6/6
  3467 | D:4      | Reached * piety under Elyvilon
  3784 | D:4      | Killed Crazy Yiuf
  4012 | D:5      | Entered Level 5 of the Dungeon
  4201 | D:5      | Found a sacrificial altar of Ru.
  4220 | D:5      | Reached skill level 5 in Shields
  4349 | D:5      | Reached XP level 7. HP: 14/62 MP: 7/7
  4833 | D:5      | Identified the +3 dagger "Undertaker" {protect, Contam
                  | rElec Dex+3 Stlth+}
  5119 | D:4      | Reached XP level 8. HP: 60/71 MP: 8/8
  5200 | D:5      | Noticed Eustachio
  5221 | D:5      | Killed Eustachio
  5581 | D:6      | Reached ** piety under Elyvilon
  5791 | D:6      | Found a glowing golden altar of the Shining One.
  5799 | D:6      | Reached skill level 10 in Axes
  5931 | D:6      | Fell from the grace of Elyvilon
  5931 | D:6      | Became a worshipper of the Shining One
  5931 | D:6      | Reached * piety under the Shining One
  6214 | D:6      | Reached XP level 9. HP: 73/79 MP: 9/9
  6856 | D:6      | Found a sparkling altar of Nemelex Xobeh.
  8029 | D:7      | Noticed a moth of wrath
  8032 | D:7      | Found a bloodstained altar of Trog.
  8298 | D:8      | Noticed a hornet
  8313 | D:8      | Killed a hornet
  8314 | D:8      | Reached XP level 10. HP: 68/91 MP: 6/10
  8969 | D:8      | Noticed Erica
  8991 | D:8      | Gained mutation: Your system is resistant to poisons.
                  | (rPois) [potion of mutation]
  8991 | D:8      | Gained mutation: You have sharp toenails. [potion of
                  | mutation]
  8991 | D:8      | Lost mutation: You have sharp toenails. [potion of
                  | mutation]
  8991 | D:8      | Gained mutation: You are agile. (Dex +4, Str/Int -1)
                  | [potion of mutation]
  8993 | D:8      | Killed Erica
  9390 | D:8      | Found a radiant altar of Vehumet.
  9743 | D:8      | Reached ** piety under the Shining One
  9748 | D:8      | Reached skill level 10 in Fighting
 10098 | D:9      | Reached skill level 1 in Invocations
 10180 | D:9      | Reached XP level 11. HP: 67/101 MP: 11/13
 10182 | D:9      | Reached skill level 15 in Axes
 10429 | D:9      | Found a hide-covered altar of Uskayaw.
 10434 | D:9      | Noticed a two-headed ogre
 10619 | D:9      | Found Plog's Serpentskin Sales.
 10732 | D:9      | Killed a two-headed ogre
 11096 | D:10     | Entered Level 10 of the Dungeon
 11099 | D:10     | Found a staircase to the Lair.
 11316 | D:10     | Noticed a cyclops
 11320 | D:10     | Killed a cyclops
 11354 | D:10     | Reached skill level 10 in Shields
 11416 | D:10     | Reached *** piety under the Shining One
 11455 | D:10     | Reached skill level 5 in Invocations
 11471 | D:10     | Noticed a two-headed ogre
 11481 | D:10     | Killed a two-headed ogre
 11538 | D:10     | Noticed Snorg
 11563 | D:10     | Killed Snorg
 12058 | D:10     | Found a burning altar of Makhleb.
 12242 | D:11     | Noticed a two-headed ogre
 12251 | D:11     | Killed a two-headed ogre
 12258 | D:11     | Reached XP level 12. HP: 81/110 MP: 16/16
 12533 | D:11     | Noticed Sonja
 12572 | D:11     | Killed Sonja
 12659 | D:11     | Found a staircase to the Orcish Mines.
 12743 | D:11     | Found a roughly hewn altar of Beogh.
 12885 | D:11     | Noticed a boulder beetle
 12920 | D:11     | Killed a boulder beetle
 13196 | D:12     | Found a blossoming altar of Fedhas.
 13956 | D:12     | Found Laifoteu's Assorted Antiques.
 13977 | D:12     | Bought an encrusted bronze ring for 195 gold pieces
 13977 | D:12     | Bought a scroll labelled ICSIUK TETYIKA for 39 gold pieces
 14265 | D:12     | Identified the +6 scale mail of Piph {rN+ rCorr}
 14792 | D:13     | Found Penneck's Assorted Antiques.
 14801 | D:13     | Bought a pair of glimmering boots for 190 gold pieces
 14801 | D:13     | Identified the +2 pair of boots of Aribiabu {+Inv rPois
                  | Int-3} (You bought it in a shop on level 13 of the Dungeon)
 14801 | D:13     | Bought a small ivory ring for 100 gold pieces
 14801 | D:13     | Bought a scroll labelled BIWUIN UTAET for 20 gold pieces
 14801 | D:13     | Bought a scroll of identify for 40 gold pieces
 14801 | D:13     | Bought a scroll of identify for 40 gold pieces
 14860 | D:13     | Noticed Rupert
 14888 | D:13     | HP: 1/113 [Rupert/+1 great mace of protection (9)]
 15666 | D:13     | Paralysed by Rupert for 3 turns
 15675 | D:13     | Killed Rupert
 16690 | D:13     | Noticed Maurice
 16704 | D:13     | Killed Maurice
 16959 | D:13     | Reached XP level 13. HP: 119/119 MP: 19/19
 17274 | D:14     | Found Jeoc Kiph's Antique Armour Boutique.
 17347 | D:14     | Found a gate to the Vaults.
 17347 | D:14     | Reached **** piety under the Shining One
 17605 | D:14     | Reached skill level 10 in Invocations
 18250 | D:15     | Entered Level 15 of the Dungeon
 18260 | D:15     | Noticed a fire dragon
 18387 | Lair:1   | Entered Level 1 of the Lair of Beasts
 18425 | Lair:1   | Identified the +0 ring mail of a bailey {Str+4 Dex-3}
 18859 | Lair:1   | Found a dark tunnel.
 18872 | Volcano  | Entered a volcano
 20239 | Lair:2   | Reached skill level 1 in Evocations
 20341 | Lair:2   | Found a staircase to the Snake Pit.
 20376 | Lair:2   | Found a runed translucent door.
 20377 | Lair:2   | Found a shimmering altar of Xom.
 20377 | Lair:2   | Noticed Xihitin's ghost (journeyman DjGl)
 20377 | Lair:2   | Identified the +7 dire flail of Darkness {chaos, Str+2}
 20398 | Lair:2   | Found a staircase to the Swamp.
 20442 | Lair:2   | Reached ***** piety under the Shining One
 20449 | Lair:2   | Reached XP level 14. HP: 133/133 MP: 22/22
 20455 | Lair:2   | Reached skill level 1 in Dodging
 20948 | Lair:2   | Reached skill level 5 in Armour
 22274 | Lair:4   | Reached skill level 15 in Fighting
 22277 | Lair:4   | Reached skill level 5 in Evocations
 23027 | Lair:4   | Found a runed translucent gate.
 23027 | Lair:4   | Found a runed translucent gate.
 23027 | Lair:4   | Found a runed translucent gate.
 23913 | Lair:4   | Noticed Avanven's ghost (journeyman TrGl)
 24095 | Lair:4   | Killed Avanven's ghost
 24130 | Lair:4   | Got the ring "Gainoimp" {Fire rElec rPois Dex+6 Slay-5}
 24180 | Lair:5   | Entered Level 5 of the Lair of Beasts
 24256 | Lair:5   | Reached XP level 15. HP: 141/141 MP: 24/24
 24768 | Lair:5   | Found a viscous altar of Jiyva.
 24769 | Lair:5   | Found a staircase to the Slime Pits.
 25142 | Lair:5   | Got the Catalogue of the Calescent Welkin
 25145 | Lair:5   | Identified the +9 falchion of Ashenzari's Generosity
                  | {vorpal, rC+ Will+ Str+2}
 25613 | Lair:5   | Learned a level 2 spell: Scorch
 25619 | Lair:5   | Learned a level 5 spell: Fireball
 26228 | D:15     | Found Xum Duxkoa's Self-Improvement Boutique.
 26294 | D:15     | Reached ****** piety under the Shining One
 26319 | D:15     | Reached skill level 1 in Conjurations
 26319 | D:15     | Reached skill level 1 in Fire Magic
 26958 | D:15     | Found a staircase to the Depths.
 26958 | D:15     | Noticed a frost giant
 26966 | D:15     | Killed a frost giant
 26967 | D:15     | Reached XP level 16. HP: 88/151 MP: 26/26
 27152 | D:15     | Reached skill level 10 in Armour
 27540 | Orc:1    | Entered Level 1 of the Orcish Mines
 27587 | Orc:1    | Found Pawefeh's Overcharged Wands.
 27796 | Orc:2    | Entered Level 2 of the Orcish Mines
 27875 | Orc:2    | Noticed Jorgrun
 27900 | Orc:2    | Killed Jorgrun
 28303 | Orc:2    | Reached skill level 5 in Dodging
 28727 | Orc:2    | Found a staircase to the Elven Halls.
 28813 | Orc:2    | Found Suibb's Distillery.
 28853 | Orc:2    | Noticed Saint Roka
 29314 | Orc:2    | Found a roughly hewn altar of Beogh.
 29379 | Orc:2    | Paralysed by an orc sorcerer for 5 turns
 29485 | Orc:2    | Found Teryq's Book Emporium.
 29497 | Orc:2    | Reached skill level 15 in Shields
 29607 | D:14     | Bought the +0 pair of fencer's gloves {Riposte Dex+3} for
                  | 1200 gold pieces
 29607 | D:14     | Found the +0 pair of fencer's gloves {Riposte Dex+3}
 29607 | D:14     | Bought a pair of embroidered boots for 225 gold pieces
 29607 | D:14     | Bought a runed scarf for 240 gold pieces
 29778 | Orc:2    | Killed Saint Roka
 29782 | Orc:2    | Found a roughly hewn altar of Beogh.
 30131 | Orc:2    | Found Qiniadou's Assorted Antiques.
 30206 | Orc:2    | Found Xeboaxoi's Jewellery Shoppe.
 30440 | Swamp:1  | Entered Level 1 of the Swamp
 30749 | Swamp:1  | Found a hazy altar of Hepliaklqana.
 31126 | Swamp:1  | Noticed a fenstrider witch
 31137 | Swamp:1  | Killed a fenstrider witch
 31138 | Swamp:1  | Reached skill level 10 in Evocations
 31971 | Swamp:2  | You are sucked into a shaft and drop 1 floor!
 31971 | Swamp:3  | Noticed a fenstrider witch
 32031 | Swamp:2  | Reached skill level 5 in Fire Magic
 32035 | Swamp:2  | Reached XP level 17. HP: 159/159 MP: 28/28
 32929 | Swamp:2  | Reached skill level 15 in Invocations
 33102 | Swamp:3  | Reached skill level 5 in Conjurations
 33235 | Swamp:3  | Identified 3 scrolls of acquirement
 33242 | Swamp:3  | Acquired 725 gold pieces
 33255 | Swamp:3  | Acquired a manual of Spellcasting
 33257 | Swamp:3  | Acquired a +0 crystal plate armour
 34012 | Swamp:4  | Entered Level 4 of the Swamp
 34084 | Snake:1  | Entered Level 1 of the Snake Pit
 35130 | Snake:1  | Found a stormy altar of Qazlal.
 35761 | Snake:2  | Noticed Aizul
 35774 | Snake:2  | Killed Aizul
 36583 | Snake:2  | Noticed Azrael
 36594 | Snake:2  | Killed Azrael
 37389 | Snake:3  | Noticed Vashnia
 37423 | Snake:3  | Killed Vashnia
 37432 | Snake:3  | Reached XP level 18. HP: 87/170 MP: 29/29
 37689 | Snake:3  | Identified the +1 leather armour "Paumeq" {rC+ Str+3}
 38094 | Snake:4  | Entered Level 4 of the Snake Pit
 39138 | Snake:4  | Found an opulent altar of Gozag.
 40968 | Snake:4  | Reached skill level 15 in Armour
 41382 | Snake:4  | Got a serpentine rune of Zot
 41839 | Swamp:4  | Noticed a tentacled monstrosity
 41845 | Swamp:4  | Paralysed by a fenstrider witch for 2 turns
 42624 | Orc:2    | Bought a manual of Dodging for 1360 gold pieces
 42894 | Swamp:4  | Killed a tentacled monstrosity
 42967 | Swamp:4  | Reached XP level 19. HP: 152/179 MP: 31/31
 43049 | Swamp:4  | Found a blossoming altar of Fedhas.
 43473 | Swamp:4  | Found a basalt altar of Yredelemnul.
 44221 | Swamp:4  | Got a decaying rune of Zot
 44411 | Vaults:1 | Entered Level 1 of the Vaults
 45493 | Vaults:1 | Identified a +7 broad axe of holy wrath (a +5 broad axe of
                  | venom blessed by the Shining One)
 45493 | Vaults:1 | Received a gift from the Shining One
 45514 | Vaults:1 | Noticed a golden dragon
 45539 | Vaults:1 | Killed a golden dragon
 46308 | Vaults:1 | Reached XP level 20. HP: 188/189 MP: 32/32
 47178 | Vaults:2 | Paralysed by a great orb of eyes for 2 turns
 47735 | Vaults:2 | HP: 5/191 [ironbound thunderhulk/bolt of lightning (45)]
 48173 | Vaults:2 | Found Jaofoti's Weapon Shop.
 48177 | Vaults:2 | Found Vist's Antique Armour Emporium.
 48252 | Vaults:2 | Found Nevee's Weapon Shop.
 48289 | Vaults:2 | Identified the +8 sling of Peril {vorpal, rF+++ rCorr Int-3
                  | Stlth+}
 48528 | Vaults:2 | Found Ciera's Antique Weapon Emporium.
 48803 | Vaults:2 | Found Inaez's Antique Armour Shoppe.
 48813 | Vaults:2 | Bought a pair of ichor-stained boots for 266 gold pieces
 48813 | Vaults:2 | Identified the +1 pair of boots of the Viny Alphagorgon
                  | {rElec rCorr} (You bought it in a shop on level 2 of the
                  | Vaults)
 49134 | Vaults:2 | Found a staircase to the Crypt.
 49927 | Vaults:3 | Reached XP level 21. HP: 184/199 MP: 34/34
 50937 | Vaults:3 | Reached skill level 10 in Dodging
 53775 | Elf:1    | Entered Level 1 of the Elven Halls
 53856 | Elf:1    | Reached XP level 22. HP: 182/209 MP: 35/35
 53981 | Elf:1    | Found Doiseos's Armour Boutique.
 54270 | Elf:1    | Got the Catalogue of Combat Magic
 54325 | Elf:1    | You fall into a shaft and drop 1 floor!
 54350 | Elf:2    | Paralysed by an air elemental for 1 turns
 54823 | Elf:2    | Found a huge runed translucent gate.
 54823 | Elf:2    | Found a huge runed translucent gate.
 54823 | Elf:2    | Found a huge runed translucent gate.
 54823 | Elf:2    | Found a huge runed translucent gate.
 54824 | Elf:2    | Found a huge runed translucent gate.
 54824 | Elf:2    | Found a huge runed translucent gate.
 54824 | Elf:2    | Found a huge runed translucent gate.
 54824 | Elf:2    | Paralysed by an air elemental for 1 turns
 54846 | Elf:2    | Found a huge runed translucent gate.
 54906 | Elf:2    | Paralysed by an air elemental for 1 turns
 55201 | Elf:2    | Paralysed by an air elemental for 1 turns
 55332 | Elf:2    | Found a runed translucent gate.
 55333 | Elf:2    | Found a runed translucent gate.
 55333 | Elf:2    | Found a runed translucent gate.
 55375 | Elf:2    | Identified the +7 double sword "Bos Zaor" {drain, Contam
                  | rF+ Will+ Dex+4}
 55856 | Elf:2    | Noticed Asterion
 55887 | Elf:2    | Killed Asterion
 56177 | Elf:3    | Entered Level 3 of the Elven Halls
 56910 | Elf:3    | Identified the +5 scale mail of the Sunfish {rElec}
 57087 | Abyss:3  | Cast into level 3 of the Abyss (a deep elf sorcerer)
 57157 | Abyss:3  | Noticed a profane servitor
 57180 | Abyss:3  | Killed a profane servitor
 57292 | Abyss:4  | Found a corrupted altar of Lugonu.
 57433 | Abyss:5  | Found a corrupted altar of Lugonu.
 57481 | Elf:3    | Escaped the Abyss
 57498 | Elf:3    | Reached XP level 23. HP: 47/217 MP: 32/37
 57874 | Elf:3    | Identified the +2 leather armour of Lies {Fly Str+2 Dex+3}
 57941 | Elf:3    | Identified the +6 long sword "Kelusche" {spect, rPois rN+
                  | Str+8 Dex-5}
 57943 | Elf:3    | Identified the +4 scale mail "Witwipag" {Drain Int+6 Dex-2}
 58071 | Elf:3    | Identified the +1 war axe "Viafesuk" {venom, rElec rC- rN+}
 58143 | Elf:3    | Got the Collected Works on Charms
 58214 | Elf:3    | Identified the +0 robe of Sophism {Dex+4}
 58290 | Elf:3    | Got the Secrets of Petrified Transformation
 58296 | Elf:3    | Got the Treatise on Kinetic Shapes
 58539 | D:15     | Bought a manual of Evocations for 960 gold pieces
 58606 | Depths:1 | Entered Level 1 of the Depths
 58768 | Depths:1 | Found a gateway to Hell.
 59313 | Depths:1 | Identified the +8 war axe of Beitogid {freeze, Will+ Str+4}
 59347 | Depths:1 | Noticed a golden dragon
 59372 | Depths:1 | Killed a golden dragon
 59392 | Depths:1 | Identified the +8 arbalest of Watchfulness {elec, Dex+3}
 59476 | Depths:1 | Identified the +8 war axe of the Pariah {pain, rPois}
 59499 | Depths:1 | Identified the +2 leather armour of Indomitability {Dex+4}
 59881 | Depths:1 | Identified the +1 robe of Kyurhadiacwu {Fly Archmagi}
 59946 | Depths:1 | Identified the +6 whip of Deyfaq {speed, Int+3 Dex+3}
 59999 | Depths:1 | Identified the +4 sling "Ecu Maj" {flame, Fly Dex+3}
 60081 | Depths:1 | Got the Grimoire of the Pyromaniac
 60690 | Depths:2 | Found a one-way gate leading to the halls of Pandemonium.
 60843 | Depths:2 | Noticed a golden dragon
 60917 | Depths:2 | Reached XP level 24. HP: 228/228 MP: 38/38
 61001 | Depths:2 | Paralysed by a floating eye for 4 turns
 61012 | Depths:2 | Paralysed by a floating eye for 2 turns
 61208 | Depths:2 | Got Momuily's Spellbook of the Wayfarer and Congelation
 61213 | Depths:2 | Identified the +0 helmet "Jostruh" {Str+4}
 61229 | Depths:2 | Identified the +4 hand axe of Suaffeg {vorpal, +Blink Str+3
                  | Int+3}
 61235 | Depths:2 | You fall into a shaft and drop 2 floors!
 61235 | Depths:4 | Entered Level 4 of the Depths
 61235 | Depths:4 | Found a gate to the Realm of Zot.
 61247 | Depths:4 | Reached skill level 15 in Evocations
 62171 | Depths:4 | Found Big Baal Hell's Store.
 62312 | Depths:4 | Found Gyva's Antique Armour Boutique.
 63342 | Depths:3 | Found a one-way gate to the infinite horrors of the Abyss.
 64640 | Orc:2    | Bought the ring "Ykimm" {Fly rF+ rC+ rN+ Dex-5} for 386
                  | gold pieces
 64905 | Depths:3 | Found a one-way gateway to a ziggurat.
 64967 | Depths:3 | Reached XP level 25. HP: 216/238 MP: 38/38
 65462 | Depths:3 | Identified the +5 short sword of the Hero {vorpal, rN+
                  | Dex+3 SInv Stlth-}
 65582 | Depths:4 | Found a transporter.
 65582 | Depths:4 | Found a transporter.
 65810 | Depths:4 | Found a portal to a secret trove of treasure.
 66622 | D:12     | Bought a scroll of teleportation for 117 gold pieces
 66622 | D:12     | Bought a scroll of enchant armour for 292 gold pieces
 66736 | Orc:2    | Bought a potion of haste for 110 gold pieces
 66736 | Orc:2    | Bought 2 potions of mutation for 176 gold pieces
 66736 | Orc:2    | Bought a potion of lignification for 33 gold pieces
 66736 | Orc:2    | Bought a potion of haste for 110 gold pieces
 66770 | Orc:2    | Bought a scroll of teleportation for 75 gold pieces
 67110 | Depths:4 | You paid a toll of +2 shadow dragon scales to enter a
                  | treasure trove
 67111 | Trove    | Entered a treasure trove
 67124 | Trove    | Identified the +1 kite shield "Tuycrew" {rF+ rC+ Will-
                  | Str+3}
 67127 | Trove    | Got Sif Muna's Meditations on Pestilence and Cold
 67131 | Trove    | Identified the +2 pair of gloves "Akkiawulor" {Will+}
 67133 | Trove    | Identified the +6 shortbow "Hocwaf" {freeze, Dex+3}
 67137 | Trove    | Identified the +5 buckler of the Orb {rPois Will- Str+3
                  | Dex+3}
 67138 | Trove    | Identified the +0 hat of Wyizest {rN+ Str+8 Int-3 Dex+3}
 67599 | Vaults:5 | Entered Level 5 of the Vaults
 67701 | Vaults:5 | Found Ecithruh's Distillery.
 67702 | Vaults:5 | Identified the +5 whip of Beloph {drain, rElec rPois Int-3}
 67716 | Vaults:5 | Bought a potion of berserk rage for 75 gold pieces
 68718 | Vaults:5 | Got Ihuf's Grimoire of Lithic Hexes
 68738 | Vaults:5 | Identified the +6 flail of Yfaenlumn {vorpal, *Slow rN+
                  | Int+7}
 68964 | Vaults:5 | Gained mutation: Your muscles are strong. (Str +4, Int/Dex
                  | -1) [a shining eye]
 68971 | Vaults:5 | Got a silver rune of Zot
 69126 | Vaults:5 | Identified the +4 long sword "Ovuer" {vorpal, Fragile Dex+6
                  | SInv Stlth+}
 69141 | Vaults:5 | Found Hianec's Antique Armour Boutique.
 69145 | Vaults:5 | Got the Papyrus of the Salvo
 69326 | Vaults:5 | Reached XP level 26. HP: 251/251 MP: 39/39
 69354 | Vaults:5 | Identified the amulet of Liepo {Spirit Int+3}
 69363 | Vaults:5 | Identified the +1 robe of Valour {rF+ Int+3}
 69883 | Slime:1  | Entered Level 1 of the Pits of Slime
 70017 | Slime:5  | Entered Level 5 of the Pits of Slime
 70038 | Slime:5  | Lost mutation: You are agile. (Dex +4, Str/Int -1) [a
                  | shining eye]
 70059 | Slime:5  | Gained mutation: Armour fits poorly on your strangely
                  | shaped body. [a shining eye]
 70451 | Slime:5  | Gained mutation: Your magical capacity is low. (-10% MP) [a
                  | shining eye]
 70456 | Slime:5  | Gained mutation: You occasionally shout uncontrollably at
                  | your foes. [a shining eye]
 71099 | Slime:5  | Gained mutation: Your body sometimes deteriorates upon
                  | taking damage. [a shining eye]
 71102 | Slime:5  | Gained mutation: You are frail. (-10% HP) [a shining eye]
 71227 | Slime:5  | Noticed the Royal Jelly
 71694 | Slime:5  | Gained mutation: You are very frail. (-20% HP) [a shining
                  | eye]
 71732 | Slime:5  | Killed the Royal Jelly
 72284 | Slime:5  | Identified the +11 quarterstaff of Calamity {speed, *Slow
                  | Fly rC+ Dex+4}
 72302 | Slime:5  | Found the +9 sword of Zonguldrok {reap}
 72305 | Slime:5  | Identified the +1 trident of Youthful Indiscretion {speed,
                  | Stlth+}
 72316 | Slime:5  | Got the Anthology of the Winter and the Snake
 72323 | Slime:5  | Got a slimy rune of Zot
 72359 | Slime:5  | Identified the +3 hand axe "Kuicipsu" {antimagic, rF+ Str+4
                  | SInv}
 72378 | Slime:5  | Identified the +1 hand crossbow of Dawn {speed, Dex+4}
 72380 | Slime:5  | Identified the +5 halberd of Drought {speed, rF+ Str+4
                  | Dex-4}
 72386 | Slime:5  | Identified the +7 chain mail "Wijaomm" {Int+3}
 72620 | Slime:5  | Lost mutation: You occasionally shout uncontrollably at
                  | your foes. [potion of mutation]
 72620 | Slime:5  | Lost mutation: Your magical capacity is low. (-10% MP)
                  | [potion of mutation]
 72620 | Slime:5  | Lost mutation: You are very frail. (-20% HP) [potion of
                  | mutation]
 72620 | Slime:5  | Gained mutation: You expend magic power (3 MP) to
                  | strengthen your wands. [potion of mutation]
 72620 | Slime:5  | Gained mutation: You are agile. (Dex +4, Str/Int -1)
                  | [potion of mutation]
 72621 | Slime:5  | Lost mutation: You expend magic power (3 MP) to strengthen
                  | your wands. [potion of mutation]
 72621 | Slime:5  | Lost mutation: Your system is resistant to poisons. (rPois)
                  | [potion of mutation]
 72621 | Slime:5  | Lost mutation: You are frail. (-10% HP) [potion of
                  | mutation]
 72621 | Slime:5  | Lost mutation: Your body sometimes deteriorates upon taking
                  | damage. [potion of mutation]
 72621 | Slime:5  | Gained mutation: You have sharp toenails. [potion of
                  | mutation]
 72621 | Slime:5  | Gained mutation: You occasionally lose the ability to read
                  | scrolls when taking damage. [potion of mutation]
 72621 | Slime:5  | Gained mutation: You possess an exceptional clarity of
                  | mind. [potion of mutation]
 72957 | Crypt:1  | Entered Level 1 of the Crypt
 73188 | Crypt:1  | Noticed Grunn
 73195 | Crypt:1  | Killed Grunn
 73421 | Crypt:1  | Identified the ring of Teumu {Ice *Slow rN+ Dex+10 Stlth-}
 73421 | Crypt:1  | Noticed Josephina
 73428 | Crypt:1  | Killed Josephina
 73859 | Crypt:1  | Noticed Boris
 73867 | Crypt:1  | Killed Boris
 74638 | Crypt:2  | Found a basalt altar of Yredelemnul.
 74764 | Crypt:2  | Reached XP level 27. HP: 264/264 MP: 39/39
 75066 | Crypt:3  | Entered Level 3 of the Crypt
 75218 | Crypt:3  | Found a basalt altar of Yredelemnul.
 75528 | Crypt:3  | Found a staircase to the Tomb.
 75528 | Crypt:3  | Noticed Khufu
 75535 | Crypt:3  | Killed Khufu
 75835 | Crypt:3  | Identified the +7 short sword of Growth {vorpal, *Rage
                  | Int+6 Stlth+}
 76019 | Crypt:3  | Identified the +0 chain mail "Jued" {Harm rF++ Will+ Str+3
                  | Slay-4}
 76822 | Depths:3 | Voluntarily entered the Abyss.
 76864 | Abyss:5  | Found a corrupted altar of Lugonu.
 76867 | Abyss:5  | Got an abyssal rune of Zot
 76870 | Abyss:5  | Found a corrupted altar of Lugonu.
 76877 | Depths:3 | Escaped the Abyss
 77131 | Hell     | Entered the Vestibule of Hell
 77131 | Hell     | Noticed Geryon
 77152 | Hell     | Gained mutation: Potions are less effective at restoring
                  | your health. [a cacodemon]
 77156 | Hell     | Killed Geryon
 77463 | Hell     | Found a gateway to the decaying netherworld of Tartarus.
 77532 | Hell     | Found a gateway to the freezing wastes of Cocytus.
 77874 | Depths:4 | Bought 10 scrolls of enchant weapon for 4950 gold pieces
 77989 | Hell     | Found a gateway to the ashen valley of Gehenna.
 78098 | Hell     | Found a gateway to the Iron City of Dis.
 78166 | Tar:1    | Entered Level 1 of Tartarus
 78175 | Tar:1    | Reached skill level 27 in Invocations
 79815 | Pan      | Entered Pandemonium
 80440 | Pan      | Noticed Epoph the pandemonium lord
 80528 | Pan      | Gained mutation: You are frail. (-10% HP) [a neqoxec]
 80865 | Pan      | Gained mutation: You sometimes lose the ability to read
                  | scrolls when taking damage. [a neqoxec]
 81680 | Pan      | Gained mutation: You occasionally shout uncontrollably at
                  | your foes. [a neqoxec]
 81681 | Pan      | Gained mutation: Your body sometimes deteriorates upon
                  | taking damage. [a neqoxec]
 82052 | Pan      | Gained mutation: You have a pair of small horns on your
                  | head. [a neqoxec]
 82142 | Pan      | Killed Epoph the pandemonium lord
 82165 | Pan      | Identified the ring "Hedogul" {Ice rPois}
 82170 | Pan      | Got a demonic rune of Zot
 82252 | Pan      | Lost mutation: You possess an exceptional clarity of mind.
                  | [a cacodemon]
 82253 | Pan      | Gained mutation: Your body often deteriorates upon taking
                  | damage. [a cacodemon]
 82256 | Pan      | Lost mutation: Your muscles are strong. (Str +4, Int/Dex
                  | -1) [a cacodemon]
 82353 | Pan      | Lost mutation: Armour fits poorly on your strangely shaped
                  | body. [potion of mutation]
 82353 | Pan      | Lost mutation: You occasionally shout uncontrollably at
                  | your foes. [potion of mutation]
 82353 | Pan      | Lost mutation: You have a pair of small horns on your head.
                  | [potion of mutation]
 82353 | Pan      | Gained mutation: Your magical capacity is low. (-10% MP)
                  | [potion of mutation]
 82624 | Pan      | Noticed Acraene the pandemonium lord
 82632 | Pan      | Killed Acraene the pandemonium lord
 83031 | Pan      | Found an exit through the horrors of the Abyss.
 83303 | Pan      | Noticed Anainuw the pandemonium lord
 83320 | Pan      | Killed Anainuw the pandemonium lord
 83887 | Pan      | Reached skill level 27 in Fighting
 84417 | Pan      | Identified the +11 glaive "Jiyj" {protect, *Rage rN+ Dex+4}
 84641 | Pan      | Took an exit into the Abyss.
 84641 | Abyss:5  | Escaped into the Abyss
 84641 | Abyss:5  | Found a corrupted altar of Lugonu.
 84768 | Abyss:5  | Lost mutation: You sometimes lose the ability to read
                  | scrolls when taking damage. [a neqoxec]
 84785 | Abyss:6  | Noticed a dread lich
 84802 | Abyss:6  | Killed a dread lich
 84867 | Abyss:6  | Paralysed by accursed screaming for 1 turns
 84870 | Abyss:6  | Gained mutation: Potions cannot restore your health. [a
                  | neqoxec]
 84913 | Depths:4 | Escaped the Abyss
 84987 | Tar:1    | Lost mutation: You are extremely frail. (-30% HP) [potion
                  | of mutation]
 84987 | Tar:1    | Lost mutation: You have sharp toenails. [potion of
                  | mutation]
 84987 | Tar:1    | Lost mutation: Potions cannot restore your health. [potion
                  | of mutation]
 84987 | Tar:1    | Lost mutation: You sometimes lose the ability to read
                  | scrolls when taking damage. [potion of mutation]
 84987 | Tar:1    | Gained mutation: You have sharp toenails. [potion of
                  | mutation]
 85501 | Tar:6    | Reached skill level 15 in Dodging
 85846 | Tar:7    | Entered Level 7 of Tartarus
 86707 | Tar:7    | Identified the +8 scimitar of the Spectre {holy, Fly Str-4
                  | Int+3 SInv}
 87209 | Tar:7    | Noticed Ereshkigal
 87226 | Tar:7    | Killed Ereshkigal
 87502 | Tar:7    | Got a bone rune of Zot
 87621 | Tar:7    | Noticed an ancient lich
 87621 | Tar:7    | Noticed an ancient lich
 87628 | Tar:7    | Killed an ancient lich
 87632 | Tar:7    | Noticed a dread lich
 87633 | Tar:7    | Killed an ancient lich
 87642 | Tar:7    | Killed a dread lich
 87652 | Tar:7    | Identified the ring of Fideor {rC++ Str+5 SInv}
 87654 | Tar:7    | Identified the ring of Amorality {rPois rN+ rCorr Int+3}
 87660 | Tar:7    | Got the Tome of Feathers and the Legion
 87745 | Coc:1    | Entered Level 1 of Cocytus
 87749 | Coc:1    | You are sucked into a shaft and drop 1 floor!
 88527 | Coc:3    | Lost intelligence.
 88717 | Pan      | Entered Pandemonium
 88899 | Pan      | Noticed Roantykkof the pandemonium lord
 88917 | Pan      | Killed Roantykkof the pandemonium lord
 89170 | Pan      | Lost mutation: You are agile. (Dex +4, Str/Int -1) [a
                  | cacodemon]
 90315 | Pan      | Noticed Beahapn the pandemonium lord
 90329 | Pan      | Killed Beahapn the pandemonium lord
 90433 | Pan      | Noticed Mennas
 90455 | Pan      | Killed Mennas
 90767 | Pan      | Lost mutation: Your magical capacity is low. (-10% MP)
                  | [potion of mutation]
 90767 | Pan      | Lost mutation: Your body often deteriorates upon taking
                  | damage. [potion of mutation]
 90767 | Pan      | Lost mutation: You have sharp toenails. [potion of
                  | mutation]
 90767 | Pan      | Gained mutation: Your flesh is cold resistant. (rC+)
                  | [potion of mutation]
 90767 | Pan      | Gained mutation: You passively map a small area around you.
                  | [potion of mutation]
 90769 | Pan      | Lost mutation: Your flesh is cold resistant. (rC+) [potion
                  | of mutation]
 90769 | Pan      | Lost mutation: Your body sometimes deteriorates upon taking
                  | damage. [potion of mutation]
 90769 | Pan      | Lost mutation: Potions are less effective at restoring your
                  | health. [potion of mutation]
 90769 | Pan      | Gained mutation: You have sharp toenails. [potion of
                  | mutation]
 90769 | Pan      | Gained mutation: Your spells are a little easier to cast,
                  | but a little less powerful. [potion of mutation]
 90769 | Pan      | Gained mutation: Your flesh is cold resistant. (rC+)
                  | [potion of mutation]
 90787 | Pan      | Found an exit through the horrors of the Abyss.
 91413 | Pan      | Reached skill level 27 in Axes
 92350 | Pan      | Took an exit into the Abyss.
 92350 | Abyss:6  | Escaped into the Abyss
 92408 | Abyss:6  | Noticed an ancient lich
 92418 | Abyss:6  | Killed an ancient lich
 92572 | Abyss:6  | Paralysed by accursed screaming for 2 turns
 92600 | Abyss:6  | Paralysed by accursed screaming for 1 turns
 92605 | Abyss:6  | HP: 13/273 [starcursed mass/accursed screaming (8)]
 92609 | Abyss:6  | HP: 2/273 [starcursed mass/accursed screaming (11)]
 92609 | Abyss:6  | Paralysed by accursed screaming for 1 turns
 92655 | Abyss:6  | HP: 13/273 [smoke demon/divine providence (10)]
 92655 | Abyss:6  | HP: 2/273 [starcursed mass/accursed screaming (11)]
 92656 | Depths:2 | Escaped the Abyss
 93226 | Geh:1    | Entered Level 1 of Gehenna
 93590 | Coc:5    | Reached skill level 27 in Shields
 93590 | Coc:5    | Noticed a dread lich
 93598 | Coc:5    | Paralysed by a wendigo for 1 turns
 93608 | Coc:5    | Killed a dread lich
 93709 | Coc:6    | HP: 10/271 [water elemental[an elemental wellspring] (5)]
 93710 | Coc:6    | HP: 1/271 [Ice Fiend (5)]
 93710 | Coc:6    | The Shining One protects you from harm!
 93710 | Coc:6    | Slain by an Ice Fiend

Illustrated notes

Levels and vault maps discovered:
D:1:      noname_arrival_rooms_in_the_neighbourhood, layout_rooms,
          chequers_ecumenical_altar_simple, dreamdust_princess_corridor,
          nicolae_shop_vocational
D:2:      layout_basic, basic_altar, due_unseen_surprise
D:3:      minmay_spotlight, layout_basic, zin_treasury
D:4:      layout_loops_ring, kennysheep_mini,
          minmay_temple_entry_statues_fountains, hangedman_feature_mirror,
          hangedman_abyss_or_decor_slice, uniq_crazy_yiuf_cottage
D:5:      layout_basic, nicolae_ru_awakened_eye, uniq_eustachio
D:6:      layout_gridville, amcnicky_altar_gilded, mainiacjoe_overflow_alcove_1,
          st_stairs_3, amcnicky_mini_pool_small, wad_floor_pattern_untrapped
D:7:      layout_rooms, tgw_trog, minmay_manual_mares
D:8:      layout_loops_corners, nicolae_vehumet_radiance, uniq_erica
D:9:      layout_rooms, nicolae_uskayaw_murder_on_the_dancefloor,
          guppyfry_shop_venom
D:10:     layout_rooms, lightli_temple_of_fire, erik_lair_orcish_takeover,
          uniq_snorg
D:11:     layout_rooms, minmay_orc_entry_temple_small, minmay_lizard_king,
          uniq_sonja
D:12:     layout_loops_ring, serial_shops, nicolae_shop_advertising_works
          [nicolae_subvault_shop_adworks], fedhas_altar_3
D:13:     layout_loops_corners, serial_shops,
          nicolae_shop_temple_entry_statues_fountains, uniq_maurice, uniq_rupert
D:14:     layout_basic, david_vaults_2, minmay_strange_pillars, serial_shops,
          nicolae_shop_window_shopping, nrook_mini_backslash
D:15:     grunt_enter_depths_snipers, layout_basic, serial_park_gazebo
          [serial_park_minivault_5x5_8], nicolae_shop_self_help
Temple:   compressed_dpeg_triangle_lava_temple
Lair:1:   layout_loops_ring, enter_volcano_3, st_stairs_8,
          gammafunk_lair_bear_cave, serial_bayou_shore_a,
          infiniplex_staircase_pool_2
Lair:2:   layout_regular_city, minmay_swamp_entry_swarm,
          minmay_snake_entry_six_corridors, ebering_ghost_xom,
          grunt_forest_small_clearings, hangedman_lair_generics_rect
Lair:3:   layout_chaotic_city, chequers_serial_rivers_small_a,
          nzn_sisyphean_effort
Lair:4:   layout_cave_pods, gammafunk_ghost_icy, serial_bayou_shore_b
Lair:5:   evilmike_catoblepas_cave, layout_gridlike, slime_entry_1,
          minmay_lair_oklob_items, grunt_forest_large_clearing_hut
Swamp:1:  layout_basic_swamp, basic_altar, swamp_pool5,
          cheibrodos_swamp_witchery, infiniplex_staircase_pool
Swamp:2:  layout_basic_swamp, nicolae_swamp_dense_foliage, swamp_pool5,
          worms_lemuel
Swamp:3:  layout_basic_swamp, serial_swamp_ruin, evilmike_swamp_ruin_wall,
          evilmike_swamp_ruin_house_4
Swamp:4:  byrel_swamp_growth_death_and_undeath, layout_basic_swamp, swamp_pool2
Snake:1:  layout_cave_shapes, grunt_ministairs_12, lemuel_oklob_altar
Snake:2:  layout_chambers, special_room, nicolae_snake_snakes_in_the_grass,
          uniq_aizul, uniq_azrael
Snake:3:  layout_concentric_octagons, uniq_vashnia
Snake:4:  minmay_snake_end_coiled, layout_basic, basic_altar, lemuel_fruit_tree
Slime:1:  cheibrodos_slime_lost_civilization_8, layout_caves
Slime:2:  layout_caves
Slime:3:  layout_caves
Slime:4:  layout_caves
Slime:5
Orc:1:    layout_diamond_mine, nicolae_shop_overcharged_wands
Orc:2:    pubby_orc_utopia, uniq_jorgrun
Elf:1:    minmay_elf_arrival_plus, layout_loops_ring, serial_shops, shop,
          minmay_elf_annihilation, drop_trap, grunt_ministairs_7
Elf:2:    nicolae_elf_blades_crystal_corner, layout_onion_city,
          grunt_ministairs_12, nicolae_elf_double_double_double_trouble,
          uniq_asterion
Elf:3:    minmay_elf_hall_spiked, layout_loops_corners, minivault_14,
          st_stairs_4
Vaults:1: vaults_mumra_chevron, nicolae_vaults_circle_grid_a, v_misc_24,
          v_misc_9, nicolae_vaults_big_ls, ontoclasm_vaults_ring_large,
          vaults_dpeg_ring, nicolae_vaults_network_quincunx
          [nicolae_vaults_network_quincunx_subvault,
          nicolae_vaults_network_quincunx_subvault,
          nicolae_vaults_network_quincunx_subvault,
          nicolae_vaults_network_quincunx_subvault,
          nicolae_vaults_network_quincunx_subvault], ontoclasm_vaults_gallery,
          vaults_room_semicircle, layout_vaults_omnigrid
Vaults:2: nicolae_vaults_diagonal_hallway_8, st_spiral_rooms, vaults_dpeg_cross,
          nicolae_vaults_little_ls, vaults_standard_mumra_enter_the_diamond,
          minmay_crypt_entry_simple_round, vaults_mumra_hexcomb,
          ontoclasm_vaults_ring_large, vaults_dpeg_hooks,
          nicolae_vaults_alarming, v_misc_1, ontoclasm_vaults_loading_screen,
          ontoclasm_vaults_ligature, hangedman_vaults_restitches, v_misc_11,
          vaults_mumra_chevron_long, layout_vaults_maze, serial_shops,
          nicolae_shop_waterfront, nicolae_shop_competitors_out_of_business,
          nicolae_shop_waterfront, nicolae_shop_hallway_stairs,
          nicolae_square_shop, uniq_saint_roka
Vaults:3: hangedman_vaults_stitches, hangedman_vaults_slither, v_rooms_4,
          hangedman_vaults_cutoff, hangedman_vaults_river_flow,
          vaults_room_pools, grunt_vaults_funnel, v_misc_15,
          layout_vaults_chaotic_city
Vaults:4: hangedman_vaults_impose, v_pattern_3, vaults_mumra_minichess,
          ontoclasm_vaults_loading_screen,
          vaults_standard_mumra_enter_the_diamond, ontoclasm_vaults_idyll,
          v_misc_33, nicolae_vaults_branching_niches, vaults_room_corners,
          nicolae_vaults_network_star, nicolae_vaults_bisected_inception,
          ontoclasm_vaults_fault, ontoclasm_vaults_ring_small,
          grunt_vaults_hallway_short, ontoclasm_vaults_twist,
          layout_vaults_omnibox
Vaults:5: serial_shops
Crypt:1:  layout_chaotic_city, weyrava_lich_vault, uniq_grunn, uniq_josephina
Crypt:2:  layout_chaotic_city, hangedman_blasphemy, lemuel_upstairs_altar
Crypt:3:  grunt_crypt_end_deaths_head
Depths:1: grunt_arcs, layout_cave_pools, grunt_mini_vestibule,
          minmay_misc_feat_rugged, hangedman_research_pyrotechnics
Depths:2: minmay_the_grid_square_5x5_5x5_mashed [minmay_the_grid_square_5x5_meh,
          minmay_the_grid_square_5x5_tie,
          minmay_the_grid_square_5x5_three_small,
          minmay_the_grid_square_5x5_tetrominoes,
          minmay_the_grid_square_5x5_checkered_statues,
          minmay_the_grid_square_5x5_doubleslash,
          minmay_the_grid_square_5x5_prize_pseudospiral,
          minmay_the_grid_square_5x5_two_walls_a,
          minmay_the_grid_square_5x5_prize_gold,
          minmay_the_grid_square_5x5_inverted_slash,
          minmay_the_grid_square_5x5_plus, minmay_the_grid_square_5x5_tri_point,
          minmay_the_grid_square_5x5_prize_open,
          minmay_the_grid_square_5x5_spiral_small,
          minmay_the_grid_square_5x5_fancy_junction,
          minmay_the_grid_square_5x5_longway,
          minmay_the_grid_square_5x5_prize_open,
          minmay_the_grid_square_5x5_inner_i,
          minmay_the_grid_square_5x5_prize_deathbox,
          minmay_the_grid_square_5x5_percent, minmay_the_grid_square_5x5_c,
          minmay_the_grid_square_5x5_pentomino_r,
          minmay_the_grid_square_5x5_forky,
          minmay_the_grid_square_5x5_intrusive_squares,
          minmay_the_grid_square_5x5_half_checkered], layout_gridlike,
          hangedman_geh_valley, rand_demon_pan_entry_4
Depths:3: hangedman_crystal_crosses_colossus [crystal_crosses_arms_four,
          crystal_crosses_arms_two, crystal_crosses_arms_one,
          crystal_crosses_arms_one], abyss_entry, hell_entry
Depths:4: lemuel_castle_with_subvaults [lemuel_castle_interior_original],
          layout_gridville, nicolae_trove_entry_path_of_doom,
          chequers_serial_rivers_small_a, grunt_pan_entry_spiral, serial_shops,
          nicolae_shop_trees, nicolae_hell_entry_big_baal_hell,
          nicolae_diode_stairs
Hell
Geh:1:    layout_gehenna_pools_basic
Coc:1:    layout_cocytus_water_paths
Coc:2:    layout_cocytus_water_paths
Coc:3:    layout_ice_bergs
Coc:4:    layout_ice_bergs, nicolae_coc_icecubes
Coc:5:    layout_ice_bergs
Coc:6:    layout_ice_bergs
Tar:1:    layout_grid_maze
Tar:2:    layout_cathedral_of_symmetry, nicolae_tar_spectre_spectrum
Tar:3:    layout_honeycomb
Tar:4:    layout_honeycomb
Tar:5:    layout_honeycomb, nicolae_tar_cuneiform_oil
Tar:6:    layout_cathedral_of_symmetry, evilmike_ambush
          [evilmike_ambush_outer_doors, evilmike_ambush_inner_basic]
Tar:7:    tar_old

Skill      XL: |  1  2  3  4  5  6  7  8  9 10 11 12 13 14 15 16 17 18 19 20 21 22 23 24 25 26 27 |
---------------+----------------------------------------------------------------------------------+-----
Axes           | 3 4 5 6 7 8 10 13 14 16 18 19 27 | 27.0
Fighting       | 4 5 6 7 9 10 11 12 14 15 16 17 18 19 20 21 22 23 24 27 | 27.0
Shields        | 4 5 6 8 9 10 11 13 14 15 16 17 18 19 20 21 22 23 27 | 27.0
Invocations    | 2 6 9 11 13 14 15 16 17 18 19 20 22 23 24 25 27 | 27.0
Evocations     | 2 6 8 10 12 13 14 15 17 | 17.9
Armour         | 7 9 11 13 15 16 18 19 20 21 22 26 | 26.7
Dodging        | 3 4 5 7 9 11 12 17 | 17.4
Conjurations   | 2 4 5 |  5.0
Fire Magic     | 2 5 |  5.5

Action                   |  1- 3 |  4- 6 |  7- 9 | 10-12 | 13-15 | 16-18 | 19-21 | 22-24 | 25-27 || total
-------------------------+-------+-------+-------+-------+-------+-------+-------+-------+-------++-------
Melee: War axe           |    81 |   195 |   115 |   432 |       |       |       |       |       ||   823
       Hand axe          |       |       |   210 |   203 |       |       |       |       |       ||   413
       Broad axe         |       |       |       |    22 |   849 |  1238 |  1199 |  1492 |  2660 ||  7460
       Scimitar          |       |       |       |       |     9 |    16 |       |       |       ||    25
       Headbutt          |       |       |       |       |       |       |       |       |    27 ||    27
Throw: Dart              |       |       |       |     9 |       |     1 |       |       |       ||    10
       Throwing net      |       |       |       |     8 |       |       |       |       |       ||     8
Invok: Divine Shield     |       |       |     2 |     4 |     5 |     9 |     3 |     8 |    23 ||    54
       Purification      |       |       |     1 |       |       |       |       |       |       ||     1
       Cleansing Flame   |       |       |       |       |       |     4 |     5 |     4 |    11 ||    24
       Summon Divine War |       |       |       |       |       |       |     1 |     3 |     5 ||     9
       Brand Weapon With |       |       |       |       |       |       |     1 |       |       ||     1
Evoke: Wand              |       |       |       |     2 |     7 |     1 |     1 |       |     2 ||    13
       Box of beasts     |       |       |       |       |       |     3 |       |     1 |     2 ||     6
       Lightning rod     |       |       |       |       |       |     3 |       |       |       ||     3
       Phantom mirror    |       |       |       |       |       |       |       |     1 |       ||     1
  Use: Scroll            |       |     2 |     6 |    19 |     5 |    15 |     2 |     5 |    24 ||    78
       Potion            |       |     2 |       |     7 |     1 |     1 |     4 |       |    20 ||    35
Armor: Scale mail        |    33 |    86 |    72 |   149 |   174 |   235 |    99 |       |       ||   848
       Leather armour    |       |       |    35 |       |       |       |       |       |       ||    35
       Chain mail        |       |       |       |       |    86 |       |       |       |       ||    86
       Crystal plate arm |       |       |       |       |       |   127 |   262 |   203 |       ||   592
       Gold dragon scale |       |       |       |       |       |       |       |   178 |   713 ||   891
Dodge: Dodged            |    45 |    82 |   110 |    97 |   212 |   420 |   265 |   341 |   473 ||  2045
Block: Buckler           |    21 |    83 |   144 |    70 |       |       |       |       |       ||   318
       Reflection        |       |     4 |     1 |    17 |    24 |   109 |    66 |    62 |    92 ||   375
       Kite shield       |       |       |       |   271 |   697 |  1131 |   207 |       |       ||  2306
       Tower shield      |       |       |       |       |       |       |   894 |  1681 |  3011 ||  5586
       Rpst.: Broad axe  |       |       |       |       |       |   275 |   374 |   541 |   950 ||  2140
       Scimitar          |       |       |       |       |       |    10 |       |       |       ||    10
